 Dungeon Crawl Stone Soup version 0.30.1-3-gfc49f6343a (webtiles) character file.

Game seed: 10624411285743732250

105882 Peloso the Peltast (level 15, -2/141 HPs)
             Began as a Minotaur Fighter on July 26, 2023.
             Was a High Priest of Okawaru.
             Shot with an arrow by a deep elf archer (11 damage)
             ... on level 1 of the Elven Halls.
             The game lasted 01:10:07 (32998 turns).

Peloso the Peltast (Minotaur Fighter)              Turns: 32998, Time: 01:10:07

Health: -2/141     AC: 30    Str: 41    XL:     15   Next: 96%
Magic:  16/16      EV:  9    Int:  2    God:    Okawaru [*****.]
Gold:   2052       SH: 19    Dex: 11    Spells: 14/14 levels left

rFire   + . .        a - +1 double sword (holy)
rCold   + . .        d - +0 tower shield
rNeg    . . .        K - +0 crystal plate armour "Omiopla" {Str+3}
rPois   .            (helmet restricted)
rElec   +            i - +0 cloak
rCorr   +            l - +2 pair of gloves {Str+3}
SInv    +            (no boots)
Will    ++++.        o - necklace of Bloodlust {Fury *Rage Will++ Int-3 Slay+6} Stlth
                     C - ring "Unesmu Toby" {rF+ rC+ Will+ Int+3}
HPRegen 0.43/turn    W - ring of Elitism {rElec rCorr Str+8 Int-3 SInv}
MPRegen 0.15/turn

%: random rage (50%)
@: on berserk cooldown, slowed, very slow
A: horns 2, retaliatory headbutt
a: Renounce Religion, Heroism, Finesse, Duel


You were on level 1 of the Elven Halls.
You worshipped Okawaru.
Okawaru was extremely pleased with you.
You visited 5 branches of the dungeon, and saw 24 of its levels.
You also visited: Volcano.

You collected 2745 gold pieces.
You spent 693 gold pieces at shops.

Inventory:

Hand Weapons
 a - a +1 double sword of holy wrath (weapon)
 b - a +3 falchion of flaming
 c - the +4 falchion of the Moth {freeze, Str+4}
   (You took it off a necromancer on level 15 of the Dungeon)

   Str:       It affects your strength (+4).
Armour
 d - a +0 tower shield (worn)
 i - a +0 cloak (worn)
 l - a +2 pair of gloves of strength (worn)
 A - a +3 plate armour of cold resistance
 K - the +0 crystal plate armour "Omiopla" (worn) {Str+3}
   (Okawaru gifted it to you on level 1 of the Lair of Beasts)

   Str:       It affects your strength (+3).
 U - the +0 chain mail of Xurad {Dex+3 Slay+3}
   (You found it on level 3 of the Lair of Beasts)

   Dex:       It affects your dexterity (+3).
   Slay:      It affects your accuracy & damage with ranged weapons and melee
   (+3).
 Y - the +7 storm dragon scales of Distant Shores {rElec rF+ Int+2 Dex-5}
   (You found it on level 5 of the Lair of Beasts)

   Int:       It affects your intelligence (+2).
   Dex:       It affects your dexterity (-5).
   rF:        It protects you from fire.
   rElec:     It insulates you from electricity.
 Z - the +0 pair of boots of the Stonemason {rPois rCorr Str+2 Slay-3}
   (Okawaru gifted it to you on level 14 of the Dungeon)

   Str:       It affects your strength (+2).
   Slay:      It affects your accuracy & damage with ranged weapons and melee
   (-3).
   rPois:     It protects you from poison.
   rCorr:     It protects you from acid and corrosion.
Jewellery
 o - the necklace of Bloodlust (around neck) {Fury *Rage Will++ Int-3 Slay+6}
   (You found it on level 1 of the Lair of Beasts)

   [amulet of nothing]

   Fury:      It extends the wearer's berserk rage when killing foes.
   Int:       It affects your intelligence (-3).
   Slay:      It affects your accuracy & damage with ranged weapons and melee
   (+6).
   *Rage:     It berserks you when you make melee attacks (+50% chance).
   Will:      It greatly increases your willpower.
 q - a ring of see invisible
 y - a +6 ring of strength
 C - the ring "Unesmu Toby" (left hand) {rF+ rC+ Will+ Int+3}
   (You found it on level 1 of the Lair of Beasts)

   [ring of protection from fire]

   Int:       It affects your intelligence (+3).
   rF:        It protects you from fire.
   rC:        It protects you from cold.
   Will:      It increases your willpower.
 F - a ring of resist corrosion
 G - the ring of the Tortoise {AC+8}
   (You found it on level 1 of the Lair of Beasts)

   [ring of protection]

   AC:        It affects your AC (+8).
 P - an amulet of regeneration
 W - the ring of Elitism (right hand) {rElec rCorr Str+8 Int-3 SInv}
   (You found it on level 5 of the Lair of Beasts)

   [ring of see invisible]

   Str:       It affects your strength (+8).
   Int:       It affects your intelligence (-3).
   rElec:     It insulates you from electricity.
   SInv:      It lets you see invisible.
   rCorr:     It protects you from acid and corrosion.
Wands
 h - a wand of polymorph (17)
 r - a wand of iceblast (19)
 u - a wand of flame (24)
 w - a wand of digging (11)
 R - a wand of mindburst (20)
Scrolls
 m - a scroll of enchant weapon
 n - a scroll of fear
 s - 2 scrolls of amnesia
 t - 2 scrolls of identify
 v - 3 scrolls of enchant armour
 H - 2 scrolls of acquirement
 I - 3 scrolls of fog
 J - 3 scrolls of immolation
 N - a scroll of summoning
 O - 3 scrolls of magic mapping
 S - a scroll of blinking
 T - 3 scrolls of silence
 X - 3 scrolls of teleportation
Potions
 e - 5 potions of mutation
 f - 6 potions of curing
 g - a potion of resistance
 j - 2 potions of heal wounds
 k - 2 potions of ambrosia
 p - a potion of invisibility
 x - 2 potions of cancellation
 z - 3 potions of flight
 B - 7 potions of brilliance
 D - 4 potions of lignification
 L - 2 potions of experience {unknown}
 M - 2 potions of might
 V - 3 potions of haste
Miscellaneous
 E - a condenser vane
 Q - a phial of floods


   Skills:
 + Level 15.1 Fighting
 + Level 17.8 Long Blades
 + Level 16.7 Armour
 + Level 5.6 Dodging
 + Level 1.7 Stealth
 + Level 18.4 Shields
 + Level 3.6 Invocations
 + Level 1.2 Evocations


You had 14 spell levels left.
You didn't know any spells.
Your spell library contained the following spells:

 Spells                   Type           Power      Damage    Failure   Level
 Sandblast                Erth           0%         2d4       100%        1
 Blink                    Tloc           0%         N/A       100%        2
 Lesser Beckoning         Tloc           0%         N/A       100%        2
 Momentum Strike          Conj/Tloc      0%         3d8       100%        2
 Passwall                 Tmut/Erth      0%         N/A       100%        2
 Poisonous Vapours        Pois/Air       0%         N/A       100%        2
 Sublimation of Blood     Necr           0%         N/A       100%        2
 Dazzling Flash           Conj/Hex       0%         N/A       100%        3
 Inner Flame              Hex/Fire       0%         N/A       100%        3
 Mephitic Cloud           Conj/Pois/Air  0%         N/A       100%        3
 Stone Arrow              Conj/Erth      0%         3d7       100%        3
 Vhi's Electric Charge    Tloc/Air       0%         N/A       100%        3
 Anguish                  Hex/Necr       0%         N/A       100%        4
 Cause Fear               Hex            0%         N/A       100%        4
 Flame Wave               Conj/Fire      0%         2d4       100%        4
 Leda's Liquefaction      Hex/Erth       0%         N/A       100%        4
 Petrify                  Tmut/Erth      0%         N/A       100%        4
 Sticky Flame             Conj/Fire      0%         2d3       100%        4
 Agony                    Necr           0%         N/A       100%        5
 Alistair's Intoxication  Tmut/Pois      0%         N/A       100%        5
 Arcjolt                  Conj/Air       0%         1d10      100%        5
 Borgnjor's Vile Clutch   Necr/Erth      0%         N/A       100%        5
 Freezing Cloud           Conj/Ice/Air   0%         6-21      100%        5
 Irradiate                Conj/Tmut      0%         3d11      100%        5
 Lee's Rapid Deconstruct  Erth           0%         3d4*      100%        5
 Silence                  Hex/Air        0%         N/A       100%        5
 Conjure Ball Lightning   Conj/Air       0%         3x3d6     100%        6
 Eringya's Noxious Bog    Tmut/Pois      0%         N/A       100%        6
 Plasma Beam              Fire/Air       0%         2x1d11    100%        6
 Statue Form              Tmut/Erth      0%         N/A       100%        6
 Enfeeble                 Hex            0%         N/A       100%        7
 Discord                  Hex            0%         N/A       100%        8
 Disjunction              Tloc           0%         N/A       100%        8


Dungeon Overview and Level Annotations

Branches:
Dungeon (15/15)            Temple (1/1) D:6            Lair (5/5) D:8
  Swamp (0/4) Lair:2        Snake (0/4) Lair:3        Slime (0/5) Lair:5
    Orc (2/2) D:9             Elf (1/3) Orc:2        Vaults (0/5) D:14
 Depths (0/4) D:15        Volcano (visited)

Altars:
Ashenzari
Elyvilon
Fedhas
Gozag
Hepliaklqana
Kikubaaqudgha
Makhleb
Okawaru
Qazlal
Ru
Sif Muna
Trog
Uskayaw
Vehumet
Xom
Zin
Jiyva

Shops:
D:7 *   D:8 *   Orc:1 =   Orc:2 (=!!


Innate Abilities, Weirdness & Mutations

You have a pair of horns on your head.
You reflexively headbutt those who attack you in melee.


Message History

* * * LOW HITPOINT WARNING * * *
The deep elf archer shoots an arrow.
You block the arrow.
The deep elf zephyrmancer gestures at you while chanting.
The bolt of lightning hits you. You resist.
* * * LOW HITPOINT WARNING * * *
The deep elf zephyrmancer mumbles some strange words.
The deep elf zephyrmancer blinks!
The deep elf archer casts a spell at you.
You resist with almost no effort.
The deep elf archer shoots an arrow.
You block the arrow.
Unknown command.
You feel much better.
The deep elf zephyrmancer closely misses you.
You furiously retaliate!
You headbutt the deep elf zephyrmancer!!
The deep elf zephyrmancer hits you but does no damage.
The deep elf archer shoots an arrow.
The arrow hits you.
* * * LOW HITPOINT WARNING * * *
The deep elf archer shoots an arrow.
The arrow hits you.
* * * LOW HITPOINT WARNING * * *
The deep elf zephyrmancer casts a spell.
The deep elf zephyrmancer blinks!
The deep elf archer shoots an arrow.
The arrow hits you.
* * * LOW HITPOINT WARNING * * *
The deep elf archer shoots an arrow.
You block the arrow.
The deep elf zephyrmancer mumbles some strange words.
The deep elf zephyrmancer blinks!
A deep elf archer comes into view. It is wielding a +0 short sword.
The deep elf archer shoots an arrow.
You block the arrow.
The deep elf zephyrmancer gestures at you while chanting.
The bolt of lightning hits you! You resist.
* * * LOW HITPOINT WARNING * * *
The deep elf archer unwields a +0 short sword.
The deep elf archer wields a +0 shortbow.
The deep elf archer shoots an arrow.
You block the arrow.
The deep elf zephyrmancer gestures at you while chanting.
The bolt of lightning hits you. You resist.
* * * LOW HITPOINT WARNING * * *
The deep elf archer shoots an arrow.
The arrow hits you!
You die...

####.......#.#.....##
#########.#.....#
#.####### #.# #.# .
#.# #######.^ #.#
##..e.....
#.####.####..8..e..8
#..>..)..)@)..e.....
#.###..e####........
#.....# #........
##....# #.....>..
##.#.# #....e...
#.#.....8.....8
#.#####........ #+#
#####.... ....


You could see 3 deep elf archers and 2 deep elf zephyrmancers.

Vanquished Creatures
  Rupert (Lair:5)
  A tengu reaver (D:15)
  The ghost of Lyniq the Alchemist, a journeyman DrTm of Wu Jian (D:15)
  A dire elephant (D:15)
  The ghost of LittleThickWarRabbit the Severer, a journeyman MiBe of Trog (Lair:1)
  An ettin (Orc:1)
  A fire dragon (D:15)
  A great orb of eyes (D:15)
  4 hydras
  2 ogre magi (Orc:2)
  5 centaur warriors
  3 boulder beetles
  13 two-headed ogres
  Erica (D:9)
  A catoblepas (Lair:1)
  4 dancing weapons (Elf:1)
  4 tengu warriors
  A shock serpent (shapeshifter) (D:15)
  Nergalle (D:12)
  Urug (D:12)
  A hell knight (Volcano)
  A sun demon (Volcano)
  A deep elf knight (Elf:1)
  5 skysharks
  A goliath frog (Lair:5)
  2 deep trolls
  An obsidian statue (D:9)
  Pikel (D:7)
  2 bog bodies (Lair:2)
  A necromancer (D:15)
  A lindwurm (Lair:1)
  An orc knight (D:15)
  10 deep elf pyromancers
  An orc sorcerer (Orc:1)
  A wolf spider (D:15)
  A moth of wrath (Lair:1)
  An oklob plant (Lair:1)
  4 manticores
  A salamander (shapeshifter) (D:15)
  11 ugly things
  9 cyclopes
  10 elephants
  A black mamba (shapeshifter) (D:14)
  A black mamba (Lair:5)
  4 molten gargoyles (D:14)
  31 cane toads
  4 gargoyles
  2 rime drakes
  Psyche (D:10)
  2 freezing wraiths (D:15)
  2 kobold demonologists
  2 tengu conjurers
  8 komodo dragons
  2 red devils (Volcano)
  A meliai (shapeshifter) (D:13)
  2 polar bears
  Grinder (D:5)
  9 trolls
  5 dream sheep
  18 blink frogs
  6 slime creatures (D:15)
  A water elemental (Elf:1)
  2 shadows
  5 wraiths
  8 fire bats (Volcano)
  36 yaks
  3 wyverns
  6 basilisks
  25 vampire mosquitoes
  A steam dragon (D:8)
  4 wargs
  3 nagas (Lair:3)
  2 acid dragons
  4 water moccasins
  Duvessa (D:4)
  3 hell hounds (Volcano)
  2 ice beasts
  13 orc warriors
  A black bear (Lair:1)
  20 ogres
  A sky beast (D:7)
  20 wolves
  9 centaurs
  2 phantoms (D:6)
  18 bullfrogs
  3 gnoll sergeants
  An earth elemental (Elf:1)
  2 scorpions (D:4)
  10 wights
  Dowan (D:4)
  7 killer bees
  5 electric eels
  5 howler monkeys
  6 lava snakes (Volcano)
  9 orc priests
  5 hounds
  6 jellies
  Jessica (D:2)
  3 iguanas
  14 orc wizards
  Ijyb (D:4)
  A statue (D:7)
  Robin (D:4)
  19 gnolls
  5 adders
  A shadow imp (D:7)
  3 white imps
  An ufetubus (D:5)
  A worm (D:4)
  3 dart slugs
  43 orcs
  6 ball pythons
  9 bats
  9 endoplasms
  12 goblins
  9 hobgoblins
  2 jackals (D:1)
  3 quokkas (D:1)
  3 frilled lizards (D:1)
  6 kobolds
  2 rats
625 creatures vanquished.

Vanquished Creatures (others)
  A deep elf knight (Elf:1)
  An orc (Orc:2)
2 creatures vanquished.

Grand Total: 627 creatures vanquished

Notes
Turn   | Place    | Note
-------+----------+-------------------------------------------
     0 | D:1      | Peloso the Minotaur Fighter began the quest for the Orb.
     0 | D:1      | Reached XP level 1. HP: 19/19 MP: 0/0
   179 | D:1      | Reached XP level 2. HP: 27/27 MP: 1/1
   764 | D:1      | Reached skill level 4 in Shields
   766 | D:1      | Reached XP level 3. HP: 33/33 MP: 2/2
  1356 | D:2      | Noticed Jessica
  1365 | D:2      | Killed Jessica
  1366 | D:2      | Reached XP level 4. HP: 39/40 MP: 3/3
  1958 | D:3      | Found an ancient bone altar of Kikubaaqudgha.
  2122 | D:3      | Found a faded altar of an unknown god.
  2669 | D:4      | Noticed Robin
  2683 | D:4      | Reached XP level 5. HP: 36/47 MP: 4/4
  2689 | D:4      | Noticed Ijyb
  2699 | D:4      | Killed Ijyb
  2700 | D:4      | Reached skill level 1 in Dodging
  2709 | D:4      | Killed Robin
  2710 | D:4      | Reached skill level 5 in Armour
  2936 | D:4      | Noticed Duvessa
  2936 | D:4      | Noticed Dowan
  2959 | D:4      | Killed Duvessa
  2960 | D:4      | Reached skill level 5 in Long Blades
  2960 | D:4      | Reached XP level 6. HP: 34/53 MP: 5/5
  2968 | D:4      | Killed Dowan
  3375 | D:5      | Entered Level 5 of the Dungeon
  3386 | D:5      | Noticed an ice beast
  3413 | D:4      | Killed an ice beast
  3414 | D:4      | Reached skill level 5 in Fighting
  3414 | D:4      | Reached XP level 7. HP: 26/61 MP: 6/6
  3556 | D:5      | Reached skill level 5 in Shields
  3611 | D:5      | Found a shimmering blue altar of Sif Muna.
  3618 | D:5      | Found a shimmering altar of Xom.
  3618 | D:5      | Found a hide-covered altar of Uskayaw.
  3767 | D:5      | Noticed Grinder
  3774 | D:5      | Paralysed by Grinder for 5 turns
  3780 | D:5      | Killed Grinder
  3781 | D:5      | Reached XP level 8. HP: 17/69 MP: 7/7
  3952 | D:5      | Found an iron altar of Okawaru.
  3988 | D:5      | Became a worshipper of Warmaster Okawaru
  4473 | D:6      | Found a broken altar of Ashenzari.
  4546 | D:6      | Found a staircase to the Ecumenical Temple.
  4568 | Temple   | Entered the Ecumenical Temple
  4726 | Temple   | Reached * piety under Okawaru
  4813 | D:6      | Reached skill level 6 in Shields
  5847 | D:7      | Reached XP level 9. HP: 76/77 MP: 8/8
  5850 | D:7      | Found Siomoecs's Overcharged Wands.
  5998 | D:7      | Reached skill level 1 in Invocations
  6067 | D:7      | Reached ** piety under Okawaru
  6219 | D:7      | Identified the +2 leather armour of Orthodoxy {rN++ Str+2}
  6229 | D:7      | Found a stormy altar of Qazlal.
  6323 | D:7      | Found a radiant altar of Vehumet.
  6352 | D:7      | Noticed Pikel
  6373 | D:7      | Killed Pikel
  6374 | D:7      | Reached skill level 1 in Stealth
  6374 | D:7      | Reached skill level 7 in Shields
  6509 | D:8      | Found an opulent altar of Gozag.
  6514 | D:8      | Found Gozag's Platinum Reserve.
  6558 | D:8      | Found a sacrificial altar of Ru.
  6806 | D:8      | Reached *** piety under Okawaru
  6812 | D:8      | Reached skill level 10 in Long Blades
  7308 | D:8      | Found a staircase to the Lair.
  7313 | D:8      | Noticed an elephant
  7343 | D:8      | Killed an elephant
  7344 | D:8      | Reached skill level 8 in Shields
  7344 | D:8      | Reached XP level 10. HP: 77/88 MP: 7/10
  7670 | D:9      | Reached skill level 10 in Armour
  7697 | D:9      | Reached **** piety under Okawaru
  7783 | D:9      | Noticed an obsidian statue
  7787 | D:9      | Noticed an orange demon
  7809 | D:10     | Entered Level 10 of the Dungeon
  8373 | D:9      | Noticed Erica
  8392 | D:9      | Killed Erica
  8616 | D:9      | Reached ***** piety under Okawaru
  8767 | D:9      | Found a staircase to the Orcish Mines.
  9494 | D:10     | Noticed Psyche
  9501 | D:10     | Killed Psyche
  9502 | D:10     | Reached XP level 11. HP: 92/97 MP: 11/11
  9958 | D:10     | Noticed a two-headed ogre
  9966 | D:10     | Killed a two-headed ogre
 10013 | D:10     | Reached skill level 9 in Shields
 10079 | D:10     | Found a white marble altar of Elyvilon.
 10089 | D:10     | Found a hazy altar of Hepliaklqana.
 10282 | Lair:1   | Entered Level 1 of the Lair of Beasts
 10368 | Lair:1   | Found a dark tunnel.
 10444 | Volcano  | Entered a volcano
 11069 | Volcano  | Reached skill level 10 in Shields
 11069 | Volcano  | Noticed a hell knight
 11087 | Volcano  | Killed a hell knight
 11103 | Volcano  | Found a bloodstained altar of Trog.
 11103 | Volcano  | Noticed a sun demon
 11120 | Volcano  | Killed a sun demon
 11120 | Volcano  | Received a gift from Okawaru
 11127 | Volcano  | Reached skill level 10 in Fighting
 11649 | Lair:1   | Noticed a lindwurm
 11649 | Lair:1   | Noticed a catoblepas
 11649 | Lair:1   | Found the necklace of Bloodlust {Fury *Rage Will++ Int-3
                  | Slay+6}
 11649 | Lair:1   | Found the ring of the Tortoise {AC+8}
 11669 | Lair:1   | Found a runed translucent door.
 12024 | Lair:1   | You fall into a shaft and drop 1 floor!
 12031 | Lair:2   | Noticed a bog body
 12031 | Lair:2   | Noticed a bog body
 12032 | Lair:2   | Found a staircase to the Swamp.
 12375 | Lair:1   | Reached XP level 12. HP: 107/107 MP: 13/13
 12394 | Lair:1   | Noticed a five-headed hydra
 12400 | Lair:1   | Noticed LittleThickWarRabbit's ghost (journeyman MiBe)
 12401 | Lair:1   | Noticed a boulder beetle
 12422 | Lair:1   | Found a transporter.
 12475 | Lair:1   | Found a blossoming altar of Fedhas.
 13024 | Lair:1   | Found a transporter.
 13406 | D:11     | Noticed a boulder beetle
 13423 | D:11     | Reached skill level 11 in Shields
 13462 | D:11     | Killed a boulder beetle
 14667 | D:12     | Identified the +1 ring mail of Salvation {rF+ rN+ Regen+
                  | Slay+3}
 14722 | D:12     | Noticed a two-headed ogre
 14723 | D:12     | Noticed a two-headed ogre
 14734 | D:12     | Killed a two-headed ogre
 14738 | D:12     | Killed a two-headed ogre
 14876 | D:12     | Reached skill level 12 in Shields
 14896 | D:12     | Received a gift from Okawaru
 15053 | D:12     | Noticed Nergalle
 15089 | D:12     | Killed Nergalle
 15089 | D:12     | Received a gift from Okawaru
 15604 | D:12     | Noticed a two-headed ogre
 15611 | D:12     | Killed a two-headed ogre
 15899 | D:12     | Noticed a two-headed ogre
 15906 | D:12     | Killed a two-headed ogre
 16028 | D:12     | Noticed Urug
 16038 | D:12     | Killed Urug
 16276 | Orc:1    | Entered Level 1 of the Orcish Mines
 16297 | Orc:1    | Found Bontocia's Jewellery Boutique.
 16377 | Orc:1    | Reached XP level 13. HP: 116/116 MP: 14/14
 16521 | Orc:2    | Entered Level 2 of the Orcish Mines
 16521 | Orc:2    | Found Idecvota's Jewellery Emporium.
 16521 | Orc:2    | Found Plog's Weapon Shop.
 16540 | Orc:1    | Reached skill level 5 in Dodging
 16644 | Orc:1    | Reached skill level 13 in Shields
 17755 | Orc:2    | Noticed an ettin
 18275 | Orc:1    | Killed an ettin
 18828 | Orc:2    | Paralysed by an ogre mage for 5 turns
 18838 | Orc:1    | Reached skill level 1 in Evocations
 19035 | Orc:2    | Reached skill level 15 in Long Blades
 19044 | Orc:2    | Found Cicohoc's Distillery.
 19068 | Orc:2    | Found Junup's Distillery.
 19451 | Orc:2    | Found a staircase to the Elven Halls.
 19646 | Orc:2    | Reached skill level 14 in Shields
 20115 | Orc:1    | You fall into a shaft and drop 1 floor!
 21839 | Lair:1   | Killed LittleThickWarRabbit's ghost
 22474 | Lair:1   | Identified the +1 pair of boots of the Spheres {-Cast -Tele
                  | rCorr Slay+5}
 22476 | Lair:1   | Identified the ring "Unesmu Toby" {rF+ rC+ Will+ Int+3}
 22482 | Lair:1   | Identified the +0 crystal plate armour "Omiopla" {Str+3}
                  | (Okawaru gifted it to you on level 1 of the Lair of Beasts)
 22482 | Lair:1   | Received a gift from Okawaru
 22567 | Lair:2   | Found an ancient bone altar of Kikubaaqudgha.
 22671 | Lair:2   | Reached XP level 14. HP: 127/127 MP: 15/15
 23534 | Lair:3   | Reached skill level 15 in Shields
 23681 | Lair:3   | Reached skill level 15 in Armour
 23708 | Lair:3   | Found a staircase to the Snake Pit.
 23897 | Lair:3   | Identified the +0 chain mail of Xurad {Dex+3 Slay+3}
 25914 | D:13     | You fall into a shaft and drop 2 floors!
 25914 | D:15     | Entered Level 15 of the Dungeon
 25952 | D:15     | Reached skill level 16 in Shields
 25975 | D:14     | Found a gate to the Vaults.
 25987 | D:14     | Identified the +0 pair of boots of the Stonemason {rPois
                  | rCorr Str+2 Slay-3} (Okawaru gifted it to you on level 14
                  | of the Dungeon)
 25987 | D:14     | Received a gift from Okawaru
 27811 | Lair:5   | Entered Level 5 of the Lair of Beasts
 27910 | Lair:5   | Reached XP level 15. HP: 82/138 MP: 16/16
 28101 | Lair:5   | Noticed Rupert
 28116 | Lair:5   | Killed Rupert
 28236 | Lair:5   | Reached skill level 17 in Shields
 28331 | Lair:5   | Identified the +2 trident "Imupaoki" {chaos, Dex+5}
 28625 | Lair:5   | Identified the ring of Elitism {rElec rCorr Str+8 Int-3
                  | SInv}
 28731 | Lair:5   | Found a viscous altar of Jiyva.
 28732 | Lair:5   | Found a staircase to the Slime Pits.
 28936 | Lair:5   | Reached ****** piety under Okawaru
 28991 | Lair:5   | Identified the +7 storm dragon scales of Distant Shores
                  | {rElec rF+ Int+2 Dex-5}
 28998 | Lair:5   | Identified the +1 scale mail of Pleasant Breezes {rElec rN+
                  | Dex+3 Slay-4}
 29210 | Lair:5   | Identified a scroll of acquirement
 29715 | D:15     | Received a gift from Okawaru
 29785 | D:15     | Noticed Lyniq's ghost (journeyman DrTm)
 29787 | D:15     | Found a transporter.
 29809 | D:15     | Noticed a tengu reaver
 29810 | D:15     | Identified the +4 falchion of the Moth {freeze, Str+4}
 29828 | D:15     | Found a transporter.
 29903 | D:15     | Received a gift from Okawaru
 29950 | D:15     | Found a staircase to the Depths.
 30728 | D:15     | Killed Lyniq's ghost
 30729 | D:15     | Reached skill level 18 in Shields
 30752 | D:15     | Killed a tengu reaver
 31107 | D:15     | Reached skill level 15 in Fighting
 31449 | D:7      | Bought a wand of digging (11) for 693 gold pieces
 32713 | Elf:1    | Entered Level 1 of the Elven Halls
 32998 | Elf:1    | Shot with an arrow by a deep elf archer

Illustrated notes

Levels and vault maps discovered:
D:1:      dpeg_arrival_solitude, layout_basic
D:2:      layout_loops_ring, uniq_jessica
D:3:      layout_basic, mainiacjoe_overflow_concentric_impassable,
          hellmonk_ecumenical_altar_run_dry, saegor_snake_ambush
D:4:      layout_rooms, uniq_duvessa, uniq_ijyb, uniq_robin
D:5:      layout_rooms, minitemple, mainiacjoe_overflow_chevrons,
          nicolae_grassy_gnolls, uniq_grinder
D:6:      cheibrodos_two_vegetables, layout_cave_pools, ashenzari_altar_1,
          minmay_temple_entry_waves, serial_column_ruins,
          column_ruins_columns_straight, column_ruins_open_large,
          column_ruins_grid_3
D:7:      layout_rooms, vehumet_statue, nicolae_qazlal_style_of_elements,
          nicolae_shop_overcharged_wands, uniq_pikel
D:8:      layout_loops_ring, nicolae_gozag_zags_fifth_avenue,
          nicolae_ru_sacrificial_ziggurat, david_lair_generic,
          hangedman_decor_growths
D:9:      layout_basic, minmay_orc_entry_temple_small, minivault_16, uniq_erica
D:10:     layout_gridville, mainiacjoe_overflow_big_doors, uniq_psyche
D:11:     layout_irregular_city, serial_column_ruins, column_ruins_grid_2,
          column_ruins_columns_water, column_ruins_open_large,
          column_ruins_columns_T, column_ruins_corridor_corner,
          column_ruins_open_large
D:12:     layout_roguey, uniq_urug, uniq_nergalle
D:13:     layout_cave_pods
D:14:     cheibrodos_statue_roulette, layout_rooms, minmay_misc_feat_cross
D:15:     hangedman_depths_entry_try_elsewhere_first, layout_basic,
          nzn_ghost_randoct
Temple:   zaba_magenta_temple
Lair:1:   gammafunk_lair_enchanted_lake, layout_regular_city,
          nicolae_volcano_entry_two_sided, gammafunk_ghost_berserking_beasts,
          tgw_fedhas
Lair:2:   layout_small_grid, skrybe_swamp_entry_bodies, basic_altar,
          grunt_megastairs_2
Lair:3:   layout_roguey, guppyfry_snake_entry_island, beast_lair_carwin_10
Lair:4:   layout_gridlike
Lair:5:   minmay_lair_end_frog_pond, layout_regular_city,
          nicolae_slime_entry_slimehenge, infiniplex_staircase_pool_2,
          uniq_rupert
Orc:1:    layout_diamond_mine, serial_shops, nicolae_shop_tiny_waterfront
Orc:2:    st_orc_open, layout_caves, mines5_lemuel
Elf:1:    nicolae_elf_arrival_fired_up, layout_loops_corners, minivault_28,
          dreamdust_princess_bridge, st_stairs_1

Skill      XL: |  1  2  3  4  5  6  7  8  9 10 11 12 13 14 15 |
---------------+----------------------------------------------+-----
Armour         | 4 5 6 8 9 11 12 14 15 16 | 16.7
Fighting       | 4 5 6 7 9 10 11 12 14 15 | 15.1
Shields        | 4 5 6 8 10 12 14 16 18 | 18.4
Long Blades    | 3 4 5 6 7 8 10 11 12 14 15 16 17 | 17.8
Dodging        | 1 2 3 4 5 |  5.6
Invocations    | 2 3 |  3.6
Stealth        | 1 |  1.7
Evocations     | 1 |  1.2

Action                     |  1- 3 |  4- 6 |  7- 9 | 10-12 | 13-15 || total
---------------------------+-------+-------+-------+-------+-------++-------
  Melee: Long sword        |    71 |    56 |       |    25 |       ||   152
         Headbutt          |     7 |    18 |    65 |   205 |   324 ||   619
         Falchion          |       |    61 |   323 |   668 |    48 ||  1100
         Double sword      |       |       |       |    73 |  1141 ||  1214
 Invoke: Heroism           |       |       |     2 |    12 |    21 ||    35
  Evoke: Wand              |       |       |     2 |     1 |     5 ||     8
         Condenser vane    |       |       |       |       |     1 ||     1
    Use: Potion            |     2 |     2 |     4 |     9 |     5 ||    22
         Scroll            |     3 |     5 |     2 |    12 |    10 ||    32
   Stab: Fleeing           |       |       |       |       |     1 ||     1
 Armour: Scale mail        |    50 |    15 |       |       |       ||    65
         Chain mail        |       |    76 |    28 |   194 |   138 ||   436
         Plate armour      |       |       |   152 |    40 |    23 ||   215
         Crystal plate arm |       |       |       |       |   481 ||   481
  Dodge: Dodged            |    34 |    61 |   133 |   221 |   410 ||   859
  Block: Buckler           |    22 |    32 |    45 |       |       ||    99
         Kite shield       |       |       |    71 |   305 |       ||   376
         Tower shield      |       |       |       |    30 |  1322 ||  1352
